 Dungeon Crawl Stone Soup version 0.31.0-9-g3a7656b989 (webtiles) character file.

Game seed: 13871085171594491543

354 qw the Skirmisher (level 6, 0/35 HPs)
             Began as a Deep Elf Hunter on Feb 2, 2024.
             Was an Initiate of Okawaru.
             Slain by a river rat (3 damage)
             ... summoned by Eustachio
             ... on level 5 of the Dungeon.
             The game lasted 00:00:15 (3386 turns).

qw the Skirmisher (Deep Elf Hunter)                 Turns: 3386, Time: 00:00:16

Health: 0/35       AC:  6    Str: 10    XL:     6   Next: 35%
Magic:  8/8        EV:  9    Int: 14    God:    Okawaru [......]
Gold:   241        SH:  0    Dex: 18    Spells: 5/5 levels left

rFire   . . .        a - +0 shortbow
rCold   . . .        (shield currently unavailable)
rNeg    . . .        j - +0 scale mail
rPois   .            (no helmet)
rElec   .            (no cloak)
rCorr   .            (no gloves)
SInv    .            (no boots)
Will    .....        (no amulet)
Stlth   +            (no ring)
HPRegen 0.25/turn    (no ring)
MPRegen 0.11/turn

%: no passive effects
@: no status effects
A: no striking features
a: Renounce Religion


You were on level 5 of the Dungeon.
You worshipped Okawaru.
Okawaru was noncommittal.
You visited 2 branches of the dungeon, and saw 6 of its levels.

You collected 241 gold pieces.


   Skills:
 - Level 2.0 Fighting
 + Level 9.7 Ranged Weapons
 - Level 1.0 Armour
 - Level 2.4 Dodging
 - Level 1.2 Stealth


You had 5 spell levels left.
You didn't know any spells.
Your spell library was empty.

Inventory:

Hand Weapons
 a - a +0 shortbow (weapon)
Armour
 j - a +0 scale mail (worn)
Wands
 b - a wand of flame (22)
Scrolls
 c - a scroll of identify
Potions
 d - a potion of might
 f - 3 potions of curing
 h - 2 potions of enlightenment

Dungeon Overview and Level Annotations

Branches:
Dungeon (5/15)             Temple (1/1) D:4

Altars:
Cheibriados
Dithmenos
Fedhas
Gozag
Hepliaklqana
Kikubaaqudgha
Makhleb
Okawaru
Ru
Sif Muna
Uskayaw
Vehumet
Xom

Shops:
D:4 =

Annotations:
D:5 Eustachio


Message History

The river rat bites you but does no damage.
The jelly barely misses you.
You shoot an arrow. The arrow hits the jelly!
The jelly is almost dead.
The quokka bites you but does no damage.
The river rat bites you but does no damage.
The jelly closely misses you. The quokka barely misses you.
You shoot an arrow. The arrow hits the jelly.
You kill the jelly!
Okawaru accepts your kill. The bat barely misses you.
The river rat closely misses you.
The quokka bites you but does no damage.
The river rat bites you.
You shoot an arrow. The arrow hits Eustachio.
Eustachio is severely wounded.
The quokka barely misses you. Eustachio hits you but does no damage.
The river rat bites you.
You shoot an arrow. The arrow misses Eustachio.
The quokka closely misses you. Eustachio hits you with a +0 falchion.
The river rat bites you but does no damage.
The quokka barely misses you.
You shoot an arrow.
The arrow hits Eustachio but does no damage.
Eustachio is severely wounded.
Eustachio closely misses you. The quokka barely misses you.
The river rat bites you. Eustachio completely misses you.
You shoot an arrow. The arrow barely misses Eustachio.
The quokka bites you but does no damage.
The river rat bites you. The quokka bites you.
Eustachio mumbles some strange words.
The river rat closely misses you.
You shoot an arrow. The arrow hits Eustachio.
Eustachio is severely wounded.
The quokka closely misses you. Eustachio hits you with a +0 falchion!
The river rat bites you but does no damage.
You shoot an arrow. The arrow hits Eustachio.
Eustachio is severely wounded.
The quokka bites you. Eustachio hits you with a +0 falchion!
The river rat bites you.
You die...

...............
#..............
##............
##.............
#......<.......
##...5..........
#...5rb#........
#...rr@#........
#...#@###..J....
####### #......
....#. ....#
....


You could see Eustachio, an iron imp (summoned), a crimson imp (summoned), 2
river rats, a quokka (summoned) and a bat (summoned).

Vanquished Creatures
  A phantom (D:4)
  2 hounds (D:4)
  A jelly (D:5)
  An iguana (D:4)
  A gnoll (D:4)
  7 adders
  4 dart slugs
  4 ribbon worms
  An orc (D:3)
  6 ball pythons
  10 endoplasms
  4 giant cockroaches
  8 goblins
  6 hobgoblins
  4 kobolds
  3 quokkas
  5 bats
  A frilled lizard (D:3)
  7 rats
76 creatures vanquished.

Notes
Turn   | Place    | Note
-------+----------+-------------------------------------------
     0 | D:1      | qw the Deep Elf Hunter began the quest for the Orb.
     0 | D:1      | Reached XP level 1. HP: 12/12 MP: 3/3
     0 | D:1      | 0 ||| qw: Version: 0.3-a-155-g5e7d8dd
     0 | D:1      | 0 ||| qw: Game counter: 190
     0 | D:1      | 0 ||| qw: Melee chars always use a shield: true
     0 | D:1      | 0 ||| qw: God list: Okawaru
     0 | D:1      | 0 ||| qw: Allow faded altars: false
     0 | D:1      | 0 ||| qw: Do Orc after clearing Dungeon:15 true
     0 | D:1      | 0 ||| qw: Do second Lair branch before Depths: true
     0 | D:1      | 0 ||| qw: Lair rune preference: random
     0 | D:1      | 0 ||| qw: Goals: Normal
     0 | D:1      | 0 ||| PLANNING D:1-11
   295 | D:1      | Reached skill level 6 in Ranged Weapons
   295 | D:1      | Reached XP level 2. HP: 16/16 MP: 4/4
   676 | D:1      | 676 ||| DRINKING 2 fizzy amethyst potions.
   677 | D:1      | 677 ||| DROPPING scroll of butterflies.
   716 | D:2      | HP: 3/16 [frozen (4)]
   757 | D:2      | 757 ||| FLEEEEING.
   758 | D:2      | 758 ||| FLEEEEING.
   759 | D:2      | 759 ||| FLEEEEING.
   760 | D:2      | 760 ||| FLEEEEING.
   761 | D:2      | 761 ||| FLEEEEING.
   762 | D:2      | 762 ||| STAIRDANCE
   776 | D:1      | 776 ||| READING scroll labelled BUROGG DUMISO.
   783 | D:2      | Reached XP level 3. HP: 17/20 MP: 5/5
   806 | D:2      | Reached skill level 7 in Ranged Weapons
   936 | D:2      | Reached XP level 4. HP: 11/25 MP: 6/6
   941 | D:2      | HP: 6/25 [poisoned by an adder]
  1102 | D:2      | Identified the +0 ring mail of Terror {+Inv Int+4 Dex-5}
  1264 | D:2      | 1264 ||| DROPPING +0 ring mail of Terror {+Inv Int+4
                  | Dex-5}.
  1265 | D:2      | 1265 ||| READING scroll labelled TEDARIMN XUFEO.
  1266 | D:2      | 1266 ||| READING scroll labelled PILUCV SALAW.
  1266 | D:2      | 1266 ||| ENCHANTING +0 shortbow.
  1267 | D:2      | 1267 ||| DRINKING 2 brown potions.
  1268 | D:2      | 1268 ||| DROPPING potion of attraction.
  1883 | D:3      | Reached skill level 8 in Ranged Weapons
  2166 | D:3      | 2166 ||| UPGRADING to +0 scale mail.
  2176 | D:3      | 2176 ||| DROPPING +0 leather armour.
  2177 | D:3      | 2177 ||| DROPPING ring of flight.
  2178 | D:3      | 2178 ||| READING 2 scrolls labelled IQIEMU ERPHE.
  2178 | D:3      | 2178 ||| IDENTIFYING glowing sapphire potion
  2179 | D:3      | 2179 ||| READING scroll of identify.
  2179 | D:3      | 2179 ||| IDENTIFYING dark potion
  2180 | D:3      | 2180 ||| READING scroll labelled ORUSUED LATOS.
  2181 | D:3      | 2181 ||| READING scroll labelled NYNERO EVAEPN.
  2182 | D:3      | 2182 ||| DROPPING potion of magic.
  2240 | D:4      | 2240 ||| FLEEEEING.
  2241 | D:4      | 2241 ||| FLEEEEING.
  2242 | D:4      | 2242 ||| FLEEEEING.
  2244 | D:4      | 2244 ||| FLEEEEING.
  2245 | D:4      | 2245 ||| FLEEEEING.
  2246 | D:4      | 2246 ||| FLEEEEING.
  2248 | D:4      | 2248 ||| FLEEEEING.
  2344 | D:4      | Found a hazy altar of Hepliaklqana.
  2417 | D:4      | Noticed a phantom
  2432 | D:4      | Killed a phantom
  2433 | D:4      | Reached skill level 9 in Ranged Weapons
  2433 | D:4      | Reached XP level 5. HP: 23/29 MP: 7/7
  2519 | D:4      | Found a staircase to the Ecumenical Temple.
  2520 | D:4      | 2520 ||| PLANNING TEMPLE
  2520 | D:4      | 2520 ||| READING scroll labelled XAOMPIS HUNG.
  2573 | D:4      | 2573 ||| READING scroll labelled ZUUNWUTAFI.
  2582 | Temple   | Entered the Ecumenical Temple
  2583 | Temple   | 2583 ||| PLANNING OKAWARU WORSHIP
  2592 | Temple   | Became a worshipper of Warmaster Okawaru
  2593 | Temple   | 2593 ||| PLANNING D:1-11
  2662 | D:3      | 2662 ||| READING scroll of identify.
  2662 | D:3      | 2662 ||| IDENTIFYING murky golden potion
  2986 | D:4      | 2986 ||| RETREEEEATING.
  2987 | D:4      | 2987 ||| RETREEEEATING.
  2988 | D:4      | 2988 ||| RETREEEEATING.
  2989 | D:4      | 2989 ||| RETREEEEATING.
  2990 | D:4      | 2990 ||| RETREEEEATING.
  2991 | D:4      | 2991 ||| RETREEEEATING.
  2996 | D:4      | Reached skill level 1 in Armour
  2999 | D:4      | Reached XP level 6. HP: 29/35 MP: 8/8
  3204 | D:4      | Found Zirait Vunky's Jewellery Shoppe.
  3213 | D:4      | 3213 ||| SHOPLISTING amulet of guardian spirit (360 gold,
                  | have 234).
  3213 | D:4      | 3213 ||| SHOPLISTING ring "Xitolu" {Int+2 Dex+4 SInv} (415
                  | gold, have 234).
  3213 | D:4      | 3213 ||| SHOPLISTING ring of positive energy (240 gold,
                  | have 234).
  3213 | D:4      | 3213 ||| SHOPLISTING ring of protection from cold (300
                  | gold, have 234).
  3359 | D:5      | Entered Level 5 of the Dungeon
  3359 | D:5      | Noticed Eustachio
  3369 | D:5      | 3369 ||| RETREEEEATING.
  3370 | D:5      | 3370 ||| RETREEEEATING.
  3371 | D:5      | 3371 ||| RETREEEEATING.
  3372 | D:5      | 3372 ||| RETREEEEATING.
  3373 | D:5      | 3373 ||| RETREEEEATING.
  3374 | D:5      | 3374 ||| RETREEEEATING.
  3375 | D:5      | 3375 ||| RETREEEEATING.
  3386 | D:5      | HP: 3/35 [Eustachio/+0 falchion (9)]
  3386 | D:5      | Slain by a river rat

Levels and vault maps discovered:
D:1:      sevenhm_arrival_forest_fort_small_4, layout_loops_ring, minivault_24
D:2:      minmay_skewed_foursquare, layout_rooms
D:3:      layout_basic
D:4:      layout_basic, mainiacjoe_overflow_catwalk,
          minmay_temple_entry_water_ring, serial_shops, nicolae_lakefront_shop,
          cheibrodos_gnoll_hut
D:5:      layout_cave_pools, mainiacjoe_overflow_paths,
          mainiacjoe_overflow_boulevard, uniq_eustachio
Temple:   nicolae_temple_x_marks_the_god

Skill      XL: |  1  2  3  4  5 |
---------------+----------------+-----
Ranged Weapons | 6 7 9 |  9.7
Fighting       | 2 |  2.0
Armour         | 1 |  1.0
Dodging        | |  2.4
Stealth        | |  1.2

Action                     |  1- 3 |  4- 6 || total
---------------------------+-------+-------++-------
   Fire: Shortbow          |    98 |   168 ||   266
    Use: Scroll            |     1 |     9 ||    10
         Potion            |     1 |     1 ||     2
 Armour: Leather armour    |    27 |     4 ||    31
         Scale mail        |       |    79 ||    79
  Dodge: Dodged            |    31 |    42 ||    73

Table legend:
 A = Non-vault XP
 B = Vault XP
 C = Vault XP percentage of total XP
 D = Non-vault monster count
 E = Vault monster count
 F = Vault count percentage of total count
                 A         B        C        D         E       F
            +---------+---------+-------+---------+---------+-------
      Total |     371 |     136 |  26.8 |      66 |      10 |  13.2
            +---------+---------+-------+---------+---------+-------
        D:1 |      26 |       0 |   0.0 |      16 |       0 |   0.0
        D:2 |      63 |      34 |  35.1 |      19 |       7 |  26.9
        D:3 |      41 |       0 |   0.0 |      14 |       0 |   0.0
        D:4 |     199 |     102 |  33.9 |      16 |       3 |  15.8
        D:5 |      42 |       0 |   0.0 |       1 |       0 |   0.0
            +---------+---------+-------+---------+---------+-------
